 Dungeon Crawl Stone Soup version 0.26-a0-652-gafc20e3620 (webtiles) character file.

Game seed: 4061820768235758049

1068 jiml777 the Grasshopper (level 8, -5/63 HPs)
             Began as a Gnoll Warper on Oct 4, 2020.
             Was an Initiate of Gozag.
             Killed from afar by Maggie (24 damage)
             ... with a bolt of fire
             ... on level 6 of the Dungeon.
             The game lasted 00:38:53 (8107 turns).

jiml777 the Grasshopper (Gnoll Warper)              Turns: 8107, Time: 00:38:53

Health: -5/63      AC: 10    Str: 15    XL:     8   Next: 28%
Magic:  16/16      EV: 12    Int: 17    God:    Gozag
Gold:   542        SH:  0    Dex: 14    Spells: 16/18 levels left

rFire    . . .     SeeInvis .   A - +1 mace (holy)
rCold    . . .     Faith    .   (no shield)
rNeg     . . .     Spirit   .   j - +0 scale mail
rPois    .         Reflect  .   m - +0 helmet
rElec    .         Harm     .   v - +1 cloak
rCorr    .         Rampage  .   (no gloves)
MR       .....                  (no boots)
Stlth    +.........             (no amulet)
HPRegen  0.20/turn              (no ring)
MPRegen  0.15/turn              (no ring)

@: gold aura, mesmerised
A: distributed training, fangs 1, strong nose
a: Potion Petition, Call Merchant, Bribe Branch, Renounce Religion


You were on level 6 of the Dungeon.
You worshipped Gozag.
Gozag was pleased with you.
You visited 2 branches of the dungeon, and saw 7 of its levels.
You also visited: Sewer.

You collected 634 gold pieces.
You paid 92 gold pieces to Gozag.

Inventory:

Hand Weapons
 a - a +0 hand axe
 l - a +0 hunting sling
 A - a +1 mace of holy wrath (weapon)
Missiles
 e - 5 boomerangs of dispersal (quivered)
 h - 24 sling bullets
 q - 17 bolts
 s - 34 arrows
Armour
 b - a +0 leather armour
 j - a +0 scale mail (worn)
 k - a +0 chain mail
 m - a +0 helmet (worn)
 v - a +1 cloak (worn)
Scrolls
 d - a scroll of blinking
 g - 2 scrolls of enchant weapon {unknown}
 n - a scroll of immolation
 p - a scroll of fear {unknown}
 w - a scroll of enchant armour {unknown}
 y - 3 scrolls of remove curse
 C - a scroll of amnesia {unknown}
Potions
 c - 2 potions of flight
 f - 4 potions of stabbing
 i - 5 potions of mutation
 r - a potion of magic {unknown}
 u - a potion of lignification {unknown}
 x - a potion of brilliance {unknown}
 z - a potion of cancellation {unknown}
 B - a potion of ambrosia {unknown}


   Skills:
 + Level 5.6 Fighting
 + Level 3.1 Short Blades
 + Level 3.1 Long Blades
 + Level 5.6 Axes
 + Level 3.1 Maces & Flails
 + Level 3.1 Polearms
 + Level 3.1 Staves
 + Level 3.1 Slings
 + Level 3.1 Bows
 + Level 3.1 Crossbows
 + Level 4.1 Throwing
 + Level 4.1 Armour
 + Level 5.6 Dodging
 + Level 3.1 Stealth
 + Level 3.1 Shields
 + Level 3.1 Unarmed Combat
 + Level 5.9 Spellcasting
 + Level 2.5 Conjurations
 + Level 2.5 Hexes
 + Level 2.5 Summonings
 + Level 2.5 Necromancy
 + Level 6.0 Translocations
 + Level 2.5 Transmutations
 + Level 2.5 Fire Magic
 + Level 2.5 Ice Magic
 + Level 2.5 Air Magic
 + Level 2.5 Earth Magic
 + Level 2.5 Poison Magic
 + Level 3.4 Invocations
 + Level 3.1 Evocations


You had 16 spell levels left.
You knew the following spells:

 Your Spells              Type           Power        Failure   Level
a - Blink                 Tloc           N/A          6%          2

Your spell library contained the following spells:

 Spells                   Type           Power        Failure   Level
 Gell's Gravitas          Tloc           ####......   12%         3
 Lesser Beckoning         Tloc           ####......   12%         3
 Teleport Other           Tloc           ####....     12%         3
 Corona                   Hex            ##.....      17%         1
 Ensorcelled Hibernation  Hex/Ice        ##....       26%         2
 Passage of Golubria      Tloc           N/A          36%         4
 Confusing Touch          Hex            ##......     45%         3
 Dazzling Flash           Conj/Hex       ##....       45%         3
 Tukima's Dance           Hex            ##......     45%         3


Dungeon Overview and Level Annotations

Branches:
Dungeon (6/15)             Temple (1/1) D:4           Sewer (visited)

Altars:
Ashenzari
Cheibriados
Dithmenos
Elyvilon
Fedhas
Gozag
Hepliaklqana
Kikubaaqudgha
Makhleb
Nemelex Xobeh
Okawaru
Qazlal
Ru
Sif Muna
Trog
Uskayaw
Vehumet
Wu Jian
Zin
The Shining One

Annotations:
D:6 Maggie


Innate Abilities, Weirdness & Mutations

Your experience applies equally to all skills.
You have very sharp teeth.
Your uncanny sense of smell can sniff out nearby items.


Message History

You barely miss the orc.
The killer bee zombie hits you but does no damage.
The killer bee zombie hits you. The orc hits you but does no damage.
The orc wizard gestures at you while chanting.
The magic dart hits you but does no damage.
The orc hits you with a +0 mace.
Maggie casts a spell.
Maggie draws you further into her thrall.
The orc misses you.
The killer bee zombie hits you but does no damage.
You sock the orc!
You kill the orc!
The killer bee zombie hits you. The jackal bites you.
The orc hits you but does no damage. Maggie gestures at you while chanting.
The bolt of fire hits the jackal!
The jackal dies!
The bolt of fire hits you!!
You die...
Your body crumbles into a pile of gold.

#....# ####### ##)...# #......
###.....# #######......
#####.......######.............
.....##...........######......
####Z#####.....#######
##..#####
gg$@.@........g##########..##
##.
####.o##.....Z@.o....[....##
#.. ##..##...ggo$@Z....#####
##.. ##....##..Zoo.....#
######...
####..###..........###.......#
#....o.##..............##....#
#.####.##.................#.##
.. #..#............##....... ..
##.##...######..####.####
#....### ..# #..# # ###..####..
.>##..## ##


You could see Maggie (mesmerising), a gnoll shaman, an orc wizard, 2 gnolls, 3
orcs, a hound zombie, a killer bee zombie and a hound skeleton.

Vanquished Creatures
  2 ice beasts (D:5)
  A big kobold (Sewer)
  A howler monkey (D:5)
  A hound (D:4)
  7 orc wizards
  3 orc priests
  2 bullfrog skeletons
  A centaur skeleton (D:6)
  6 worker ants
  Robin (D:3)
  A gnoll (D:2)
  5 adders
  2 howler monkey skeletons
  A river rat (Sewer)
  2 oozes
  4 worms
  5 leopard geckos
  15 orcs
  4 ball pythons
  14 goblins
  11 hobgoblins
  9 jackals
  2 quokkas
  7 bats
  8 frilled lizards
  10 kobolds
  A leopard gecko skeleton (D:5)
  10 rats
  A bush (D:3)
137 creatures vanquished.

Vanquished Creatures (others)
  A leopard gecko (D:6)
  A jackal (D:6)
  3 plants (D:3)
5 creatures vanquished.

Grand Total: 142 creatures vanquished

Notes
Turn   | Place    | Note
-------+----------+-------------------------------------------
     0 | D:1      | jiml777 the Gnoll Warper began the quest for the Orb.
     0 | D:1      | Reached XP level 1. HP: 20/20 MP: 6/6
   178 | D:1      | Reached XP level 2. HP: 25/26 MP: 7/7
   693 | D:1      | Reached XP level 3. HP: 31/31 MP: 9/9
   708 | D:1      | Reached skill level 5 in Spellcasting
  1326 | D:2      | Reached skill level 1 in Invocations
  1486 | D:2      | Reached skill level 1 in Short Blades
  1486 | D:2      | Reached skill level 1 in Long Blades
  1486 | D:2      | Reached skill level 1 in Maces & Flails
  1486 | D:2      | Reached skill level 1 in Polearms
  1486 | D:2      | Reached skill level 1 in Staves
  1486 | D:2      | Reached skill level 1 in Slings
  1486 | D:2      | Reached skill level 1 in Bows
  1486 | D:2      | Reached skill level 1 in Crossbows
  1486 | D:2      | Reached skill level 1 in Stealth
  1486 | D:2      | Reached skill level 1 in Shields
  1486 | D:2      | Reached skill level 1 in Unarmed Combat
  1486 | D:2      | Reached skill level 1 in Evocations
  1558 | D:2      | Reached XP level 4. HP: 38/38 MP: 11/11
  1976 | D:2      | Reached skill level 1 in Conjurations
  1976 | D:2      | Reached skill level 1 in Hexes
  1976 | D:2      | Reached skill level 1 in Summonings
  1976 | D:2      | Reached skill level 1 in Necromancy
  1976 | D:2      | Reached skill level 1 in Transmutations
  1976 | D:2      | Reached skill level 1 in Fire Magic
  1976 | D:2      | Reached skill level 1 in Ice Magic
  1976 | D:2      | Reached skill level 1 in Air Magic
  1976 | D:2      | Reached skill level 1 in Earth Magic
  1976 | D:2      | Reached skill level 1 in Poison Magic
  2430 | D:3      | Found a glowing drain.
  2466 | Sewer    | Entered a sewer
  2485 | Sewer    | Reached XP level 5. HP: 9/43 MP: 12/12
  2755 | Sewer    | Noticed a big kobold
  2800 | Sewer    | Killed a big kobold
  2854 | Sewer    | Found a white marble altar of Elyvilon.
  3120 | D:3      | Noticed Robin
  3149 | D:3      | Killed Robin
  3199 | D:3      | Reached XP level 6. HP: 47/50 MP: 13/13
  3755 | D:3      | Reached skill level 5 in Fighting
  3755 | D:3      | Reached skill level 5 in Axes
  3755 | D:3      | Reached skill level 5 in Dodging
  4582 | D:4      | Learned a level 2 spell: Blink
  4642 | D:4      | Found a hide-covered altar of Uskayaw.
  4669 | D:4      | Found a staircase to the Ecumenical Temple.
  4679 | D:4      | Got a bone trident
  4685 | D:4      | Identified the cursed +1 trident of Xeachir {flame, Fragile
                  | rF++} (You found it on level 4 of the Dungeon)
  4690 | Temple   | Entered the Ecumenical Temple
  4698 | Temple   | Became a worshipper of Gozag Ym Sagoz the Greedy
  5247 | D:4      | Reached XP level 7. HP: 36/56 MP: 15/15
  5559 | D:4      | Found a blossoming altar of Fedhas.
  5559 | D:4      | Found a stormy altar of Qazlal.
  5560 | D:4      | Found a glowing silver altar of Zin.
  5794 | D:5      | Entered Level 5 of the Dungeon
  7040 | D:5      | Reached skill level 6 in Translocations
  7040 | D:5      | Reached XP level 8. HP: 24/63 MP: 16/16
  7858 | D:6      | Noticed Maggie
  8107 | D:6      | Killed from afar by Maggie

Illustrated notes

Levels and vault maps discovered:
D:1:      psy_arrival_basics, layout_loops_ring
D:2:      cheibrodos_helix_gallery, layout_basic, cheibrodos_gnoll_hut
D:3:      layout_loops_corners, cheibrodos_sewer_entry_sluice, serial_forest,
          infiniplex_forest_clump_small, infiniplex_forest_lined_corner,
          infiniplex_forest_end_double, infiniplex_forest_lined_2,
          infiniplex_forest_clump_tiny, infiniplex_forest_end_double,
          infiniplex_forest_straight_4, uniq_robin
D:4:      layout_basic, eat_drink_and_be_merry_uskayaw,
          gammafunk_temple_overflow_forgotten, minmay_temple_entry_trees
D:5:      layout_basic
D:6:      layout_rooms, uniq_maggie
Temple:   nicolae_temple_x_marks_the_god

Skill      XL: |  1  2  3  4  5  6  7  8 |
---------------+-------------------------+-----
Spellcasting   | 5 |  5.9
Invocations    | 1 2 3 |  3.4
Short Blades   | 1 2 3 |  3.1
Long Blades    | 1 2 3 |  3.1
Maces & Flails | 1 2 3 |  3.1
Polearms       | 1 2 3 |  3.1
Staves         | 1 2 3 |  3.1
Slings         | 1 2 3 |  3.1
Bows           | 1 2 3 |  3.1
Crossbows      | 1 2 3 |  3.1
Stealth        | 1 2 3 |  3.1
Shields        | 1 2 3 |  3.1
Unarmed Combat | 1 2 3 |  3.1
Evocations     | 1 2 3 |  3.1
Conjurations   | 1 2 |  2.5
Hexes          | 1 2 |  2.5
Summonings     | 1 2 |  2.5
Necromancy     | 1 2 |  2.5
Transmutations | 1 2 |  2.5
Fire Magic     | 1 2 |  2.5
Ice Magic      | 1 2 |  2.5
Air Magic      | 1 2 |  2.5
Earth Magic    | 1 2 |  2.5
Poison Magic   | 1 2 |  2.5
Throwing       | 3 4 |  4.1
Armour         | 3 4 |  4.1
Fighting       | 5 |  5.6
Axes           | 5 |  5.6
Dodging        | 5 |  5.6
Translocations | 6 |  6.0

Action                   |  1- 3 |  4- 6 |  7- 9 || total
-------------------------+-------+-------+-------++-------
Melee: Hand axe          |   117 |   507 |   143 ||   767
       Bite              |    10 |    63 |    27 ||   100
       Mace              |       |       |    91 ||    91
       Punch             |       |       |     4 ||     4
 Cast: Blink             |       |       |     1 ||     1
  Use: Scroll            |       |    10 |     2 ||    12
       Potion            |       |     6 |     3 ||     9
Armor: Leather armour    |    25 |       |       ||    25
       Scale mail        |    15 |   115 |   116 ||   246
Dodge: Dodged            |   100 |   169 |   157 ||   426

Table legend: (Time is in decaauts)
 A = Elapsed time spent in this place.
 B = Non-inter-level travel time spent in this place.
 C = Inter-level travel time spent in this place.
 D = Time resting spent in this place.
 E = Time spent auto-exploring this place.
 F = Levels seen in this place.
 G = Mean time per level.
                   A        B        C        D        E       F      G
               +--------+--------+--------+--------+--------+-----+--------+
         Total |   8225 |   8197 |     28 |   1780 |   3117 |   8 | 1028.1 |
       Dungeon |   7632 |   7604 |     28 |   1551 |   3035 |   6 | 1272.0 |
        Temple |     58 |     58 |      0 |      0 |     42 |   1 |   58.0 |
         Sewer |    533 |    533 |      0 |    229 |     39 |   1 |  533.0 |
               +--------+--------+--------+--------+--------+-----+--------+

Top non-repeatable levels by time:
     D:5: 1951 daAuts
     D:4: 1632 daAuts
     D:3: 1520 daAuts
     D:1: 1320 daAuts
     D:2: 941 daAuts
   Sewer: 533 daAuts
     D:6: 266 daAuts
  Temple: 58 daAuts
